Map: Hardwire LE

Players

SpeCial

  • Race: Terran Terran
  • League: Master

maru - Winner!

  • Race: Terran Terran

Event: TSL 8

VOD

Have the link to the VOD?

Description

Time

  • Played on: Dec. 5, 2021, 10:36 a.m.
  • Length: 12:10

All games in this series

Show
View Real Time Build Order
Export as new Build Order

SpeCial Terran 

Build Orders: Mech 

Get SALT Encoding   

  12  0:00  SCV  
  13  0:12  SCV  
  14  0:17  Supply Depot  
  14  0:24  SCV  
  15  0:38  SCV  
  15  0:40  Barracks  
  16  0:43  Refinery  
  16  0:50  SCV  
  16  0:52  Refinery  
  17  1:02  SCV  
  18  1:14  SCV  
  19  1:28  Reaper, Orbital Command  
  19  1:31  Supply Depot  
  20  1:40  Factory  
  20  1:54  SCV  
  20  2:00  Reaper  
  22  2:06  SCV  
  23  2:17  Command Center  
  23  2:19  SCV  
  24  2:24  Hellion  
  26  2:31  Supply Depot  
  26  2:32  SCV  
  26  2:36  Reaper  
  28  2:43  Starport  
  28  2:45  SCV  
  28  2:50  Hellion  
  31  2:58  SCV  
  32  3:10  Barracks Reactor  
  32  3:12  Factory Tech Lab  
  31  3:14  SCV  
  31  3:19  Starport Tech Lab  
  32  3:26  SCV  
  33  3:29  Orbital Command  
  33  3:30  Refinery  
  33  3:33  Cyclone  
  35  3:40  Banshee  
  37  3:44  SCV  
  37  3:47  Marine  
  39  3:49  Marine  
  39  3:55  SCV  
  41  3:56  SCV  
  42  4:05  Marine  
  42  4:07  Marine  
  43  4:10  Siege Tank  
  43  4:14  SCV  
  46  4:21  SCV  
  46  4:23  Marine  
  42  4:25  Raven, Marine  
  42  4:26  SCV  
  46  4:32  Supply Depot  
  46  4:33  SCV  
  47  4:39  SCV  
  47  4:41  Marine  
  47  4:43  Siege Tank, Marine  
  47  4:45  SCV  
  54  4:52  Supply Depot  
  54  4:54  SCV  
  54  4:57  Supply Depot, SCV  
  54  4:59  Marine  
  57  5:00  Marine  
  57  5:06  SCV  
  59  5:09  SCV, Raven  
  62  5:17  Marine  
  62  5:18  SCV, Marine  
  65  5:21  SCV  
  65  5:25  Siege Tank  
  69  5:28  Supply Depot  
  69  5:30  SCV  
  69  5:33  SCV  
  69  5:34  Marine  
  72  5:39  Marine  
  72  5:42  SCV  
  74  5:45  SCV  
  74  5:46  Refinery, Command Center  
  75  5:52  Supply Depot  
  75  5:57  SCV x2, Siege Tank  
  80  6:04  Viking x2  
  80  6:09  SCV  
  86  6:12  Barracks  
  86  6:14  Barracks  
  86  6:20  Factory  
  86  6:21  Factory  
  86  6:22  SCV x2  
  86  6:23  Supply Depot  
  87  6:33  Siege Tank  
  87  6:34  SCV x2  
  87  6:39  Viking  
  94  6:45  Viking  
  94  6:46  SCV x2  
  97  6:58  SCV x2, Marine  
  98  7:10  SCV x2, Orbital Command  
  98  7:12  Engineering Bay  
  98  7:13  Siege Tank  
  98  7:14  Refinery x2  
  102  7:16  Supply Depot  
  102  7:17  Viking x2  
  102  7:18  Factory Reactor  
  102  7:22  SCV x2  
  111  7:30  Siege Tank  
  111  7:34  SCV x2  
  113  7:37  SCV  
  113  7:38  Supply Depot  
  113  7:40  Supply Depot  
  114  7:46  SCV  
  114  7:47  SCV, Siege Tank  
  114  7:49  SCV  
  119  7:58  Armory  
  119  7:59  SCV x2  
  119  8:01  SCV  
  119  8:02  Siege Tank  
  119  8:03  Armory  
  125  8:05  Supply Depot  
  125  8:11  SCV x2, Viking x2  
  133  8:13  Hellion, SCV  
  133  8:15  Hellion  
  136  8:21  Siege Tank  
  136  8:23  SCV x2  
  136  8:25  Supply Depot  
  141  8:27  SCV  
  142  8:35  SCV  
  143  8:41  Hellion  
  143  8:45  Siege Tank  
  143  8:46  Command Center  
  148  8:52  Viking x2  
  148  8:53  Siege Tank  
  145  8:59  SCV  
  127  9:08  Hellion x2  
  117  9:17  Siege Tank  
  117  9:18  Factory  
  117  9:22  Viking x2  
  124  9:25  Siege Tank  
  124  9:28  Factory  
  122  9:34  Hellion x2  
  122  9:35  Terran Vehicle Weapons Level 1  
  122  9:36  SCV, Terran Vehicle And Ship Armor Level 1  
  122  9:37  SCV x2  
  125  9:49  Siege Tank  
  125  9:52  Viking  
  114  9:55  Hellion x2  
  114  9:57  Siege Tank  
  108  10:01  Missile Turret  
  108  10:05  Missile Turret, Factory Tech Lab  
  108  10:07  Missile Turret  
  105  10:08  Viking  
  105  10:09  SCV x3  
  109  10:17  Hellion x2  
  108  10:21  Siege Tank  
  108  10:27  Viking  
  93  10:30  Siege Tank  
  93  10:31  SCV x3  
  93  10:35  Siege Tank  
  99  10:37  Factory Reactor  
  99  10:38  Hellion x2, Viking  
  104  10:43  SCV x3  
  106  10:55  SCV x2  
  95  10:57  Siege Tank, Viking  
  95  11:03  SCV  
  100  11:04  Hellion x2  
  100  11:07  SCV  
  100  11:08  Viking  
  100  11:09  SCV  
  101  11:12  Planetary Fortress  
  101  11:15  SCV  
  102  11:19  SCV  
  102  11:21  SCV  
  102  11:23  Hellion x2  
  108  11:26  Siege Tank  
  93  11:33  SCV  
  93  11:36  SCV  
  99  11:40  Viking  
  93  11:42  Hellion x2  
Show
View Real Time Build Order
Export as new Build Order

maru Terran - Winner!

Build Orders:  

Get SALT Encoding   

  12  0:00  SCV  
  13  0:12  SCV  
  14  0:17  Supply Depot  
  14  0:24  SCV  
  15  0:39  SCV  
  15  0:40  Barracks  
  16  0:43  Refinery  
  16  0:51  SCV  
  16  0:53  Refinery  
  17  1:03  SCV  
  18  1:16  SCV  
  19  1:27  Reaper  
  19  1:28  Orbital Command  
  19  1:31  Supply Depot  
  20  1:42  Factory  
  20  1:55  SCV  
  20  2:00  Barracks Reactor  
  21  2:07  SCV  
  22  2:19  SCV  
  23  2:23  Command Center  
  23  2:29  Hellion  
  25  2:31  SCV  
  25  2:36  Reaper  
  25  2:37  Reaper  
  28  2:42  Supply Depot  
  28  2:44  SCV  
  28  2:50  Hellion  
  31  3:00  SCV  
  31  3:10  Reaper x2  
  31  3:12  SCV  
  33  3:13  Hellion  
  35  3:21  Starport  
  35  3:24  SCV  
  36  3:33  Refinery  
  36  3:36  SCV  
  36  3:37  Factory Tech Lab  
  37  3:42  Marine x2  
  37  3:45  Orbital Command  
  39  3:48  SCV  
  40  3:56  Cyclone  
  40  3:57  Starport Tech Lab  
  40  4:01  SCV  
  44  4:06  Marine  
  45  4:13  SCV x2  
  41  4:20  Raven  
  41  4:24  Marine  
  42  4:25  SCV x2  
  42  4:30  Siege Tank  
  47  4:33  Supply Depot  
  47  4:37  SCV x2  
  49  4:40  Supply Depot  
  49  4:41  Marine  
  49  4:42  Marine  
  51  4:49  SCV x2  
  53  4:59  Supply Depot  
  53  5:01  SCV x2  
  53  5:02  Siege Tank  
  53  5:03  Raven  
  60  5:08  Marine x2  
  60  5:13  SCV x2  
  64  5:17  Command Center  
  64  5:24  Supply Depot  
  64  5:25  SCV x2  
  64  5:31  Marine x2  
  64  5:34  Siege Tank  
  69  5:38  SCV  
  69  5:39  SCV  
  69  5:42  Refinery  
  71  5:46  Raven  
  73  5:51  SCV x2  
  73  5:52  Supply Depot  
  73  5:55  Marine x2  
  77  5:59  Barracks x2  
  77  6:03  SCV  
  78  6:05  SCV  
  78  6:06  Siege Tank  
  82  6:12  Engineering Bay  
  82  6:13  Engineering Bay  
  82  6:14  Marine x2  
  82  6:15  SCV  
  82  6:17  SCV  
  86  6:27  SCV  
  86  6:30  Orbital Command  
  87  6:37  SCV  
  87  6:39  SCV, Siege Tank  
  91  6:40  Terran Infantry Weapons Level 1, Terran Infantry Armor Level 1  
  91  6:41  Viking  
  90  6:48  Barracks Reactor x2  
  90  6:49  SCV  
  91  6:58  SCV  
  60  7:01  Viking  
  92  7:03  SCV  
  92  7:05  Orbital Command  
  89  7:11  Siege Tank  
  89  7:12  SCV  
  89  7:14  Stimpack  
  93  7:16  Marine  
  93  7:19  SCV  
  93  7:20  Barracks  
  93  7:21  Barracks  
  95  7:24  Supply Depot, SCV  
  95  7:25  Marine x2  
  98  7:34  SCV, Marine  
  100  7:39  SCV  
  100  7:40  SCV  
  100  7:43  Supply Depot, Sensor Tower, Viking  
  104  7:48  Viking  
  104  7:50  SCV  
  107  7:51  SCV  
  107  7:52  Marine  
  107  7:55  SCV  
  110  8:01  Supply Depot  
  110  8:03  SCV x2  
  110  8:04  Siege Tank  
  115  8:08  SCV, Marine x2  
  115  8:09  Marine x2  
  119  8:14  Supply Depot  
  119  8:15  SCV x2  
  119  8:17  Viking  
  122  8:20  SCV, Viking  
  122  8:26  Supply Depot  
  125  8:27  SCV, Barracks Reactor x2  
  125  8:29  SCV  
  125  8:32  SCV  
  128  8:36  Siege Tank  
  128  8:38  Refinery  
  128  8:39  SCV, Refinery  
  128  8:40  Marine x3  
  128  8:41  Marine  
  133  8:47  Armory  
  128  8:54  Marine  
  117  8:58  SCV, Marine x2  
  117  9:00  SCV x2  
  117  9:01  Medivac x2  
  115  9:05  Marine  
  115  9:06  Marine x5  
  115  9:09  Combat Shield  
  117  9:10  SCV  
  117  9:12  SCV x2  
  117  9:16  Marine x3  
  120  9:17  Siege Tank  
  120  9:22  SCV  
  120  9:23  Marine  
  120  9:24  SCV, Marine x3  
  126  9:31  Medivac x2  
  129  9:32  SCV  
  129  9:34  Marine x4  
  129  9:35  Marine  
  136  9:41  Marine  
  136  9:44  Terran Infantry Weapons Level 2, SCV x2  
  132  9:47  Marine  
  132  9:51  Marine  
  132  9:52  Siege Tank, Marine  
  128  9:53  Marine  
  128  9:54  Marine x4  
  129  10:02  Refinery  
  129  10:03  Medivac x2  
  133  10:08  Command Center  
  133  10:09  Supply Depot, Marine  
  133  10:10  Marine x3  
  133  10:11  Marine  
  138  10:20  Marine  
  133  10:25  Marine  
  133  10:28  Marine  
  119  10:30  Marine x5  
  119  10:31  Siege Tank  
  119  10:32  SCV x2  
  119  10:33  Medivac  
  131  10:42  Medivac, Barracks x3  
  133  10:51  SCV  
  133  10:54  SCV  
  133  10:56  Marine x3  
  129  11:02  Marauder, Marine x4  
  129  11:04  Marine  
  127  11:05  Medivac  
  127  11:06  SCV  
  127  11:07  SCV  
  129  11:12  Medivac, Siege Tank  
  129  11:14  Marine x3  
  137  11:19  SCV, Marine  
  137  11:20  Marine  
  140  11:26  SCV  
  140  11:30  Marine x3  
  140  11:31  Marauder, Barracks Tech Lab x2  
  140  11:32  Barracks Tech Lab  
  136  11:35  Orbital Command  
  132  11:41  Marine  
  132  11:42  Marine x3  
  132  11:43  Command Center  
Tags
 
Composition
Mech
Event
TSL 8
League
Master
Matchup
TvT
Race
Terran
Add a new tag
Caveats
  • Supply blocks, unpowered buildings, or Contaminate may cause inaccurate times.
  • Supply counts are checked every 10 seconds.